 Dungeon Crawl Stone Soup version 0.31-a0-1308-ga3cce3a448 (webtiles) character file.

Game seed: 15546435528269402394

18 Curundu the Poker (level 2, -1/27 HPs)
             Began as a Minotaur Berserker on Dec 19, 2023.
             Was a Follower of Trog.
             Slain by a gnoll
             ... wielding a +0 spear
              (7 damage)
             ... on level 2 of the Dungeon.
             The game lasted 00:02:11 (704 turns).

Curundu the Poker (Minotaur Berserker)               Turns: 704, Time: 00:02:12

Health: -1/27      AC:  2    Str: 21    XL:     2   Next: 51%
Magic:  1/1        EV: 12    Int:  4    God:    Trog [*.....]
Gold:   48         SH:  0    Dex:  9    Spells: 1/1 levels left

rFire   . . .        a - +0 spear
rCold   . . .        (no shield)
rNeg    . . .        b - +0 animal skin
rPois   .            (helmet restricted)
rElec   .            (no cloak)
rCorr   .            (no gloves)
SInv    .            (no boots)
Will    .....        (no amulet)
Stlth   +            (no ring)
HPRegen 0.24/turn    (no ring)
MPRegen 0.07/turn

%: no passive effects
@: no status effects
A: horns 2, retaliatory headbutt
a: Renounce Religion, Berserk


You were on level 2 of the Dungeon.
You worshipped Trog.
Trog was aware of your devotion.
You visited 1 branch of the dungeon, and saw 2 of its levels.

You collected 48 gold pieces.

Inventory:

Hand Weapons
 a - a +0 spear (weapon)
Missiles
 i - 7 boomerangs (quivered)
Armour
 b - a +0 animal skin (worn)
 d - a +0 ring mail
Scrolls
 g - a scroll of immolation {unknown}
 h - 2 scrolls of identify {unknown}
 l - a scroll of fog {unknown}
Potions
 c - a potion of invisibility {unknown}
 e - 2 potions of degeneration {unknown}
 f - a potion of heal wounds {unknown}
 j - a potion of enlightenment {unknown}
 k - a potion of berserk rage {unknown}


   Skills:
 + Level 4.0 Fighting
 + Level 4.1 Polearms
 + Level 0.1 Throwing
 + Level 2.6 Armour
 + Level 2.3 Dodging


You had one spell level left.
You didn't know any spells.
Your spell library was empty.

Dungeon Overview and Level Annotations

Branches:
Dungeon (2/15)

Altars:


Innate Abilities, Weirdness & Mutations

You have a pair of horns on your head.
You reflexively headbutt those who attack you in melee.


Message History

The bat completely misses you.
You see here a scroll labelled ZEXALO BO XAUN.
The bat closely misses you.
The gnoll hits you from afar with a +0 spear.
The bat hits you but does no damage. The gnoll closely misses you.
You hit the bat.
You kill the bat!
Trog accepts your kill.
You miss the bat. The bat misses you. The gnoll closely misses you.
The bat closely misses you. The gnoll barely misses you.
A gnoll comes into view. It is wielding a +0 spear.
The bat barely misses you. The gnoll closely misses you.
You see here a scroll labelled ZEXALO BO XAUN.
The bat hits you. The gnoll closely misses you.
You barely miss the bat.
The gnoll shouts!
Your headbutt misses the bat. The bat hits you.
The gnoll hits you but does no damage.
You barely miss the bat. The bat barely misses you.
The gnoll completely misses you.
You barely miss the bat. The bat hits you but does no damage.
The gnoll hits you from afar with a +0 spear.
A gnoll comes into view. It is wielding a +0 whip.
The gnoll shouts!
You hit the bat.
You kill the bat!
Trog accepts your kill.
The gnoll hits you from afar with a +0 spear!
The gnoll hits you but does no damage. The worm barely misses you.
The gnoll hits you from afar with a +0 spear.
A dart slug comes into view.
Found a leather armour.
The gnoll attacks as it pursues you!
The gnoll hits you from afar with a +0 spear.
* * * LOW HITPOINT WARNING * * *
The gnoll attacks as it pursues you! The gnoll barely misses you.
You hit the worm. Your headbutt misses the worm.
The worm is lightly wounded.
The gnoll hits you from afar with a +0 spear!
You die...

.. .. #. .## #. ..#
# ###.##.#.#. #
#...... #.#.#
##.....###.#.#
#.......g.g...
##....@.###.#
w......w.g...#######
###......g.?.......#
...............###.#
###..##.###..#.# #..
#.# #..#.# #. #.#
.....# #. #.##......
#. #....#..


You could see a worm, 4 gnolls and a dart slug.

Vanquished Creatures
  A dart slug (D:1)
  4 bats
  3 goblins (D:1)
  A hobgoblin (D:1)
  2 kobolds (D:1)
  2 quokkas (D:1)
  A ball python (D:1)
  2 frilled lizards (D:1)
16 creatures vanquished.

Notes
Turn   | Place    | Note
-------+----------+-------------------------------------------
     0 | D:1      | Curundu the Minotaur Berserker began the quest for the Orb.
     0 | D:1      | Reached XP level 1. HP: 19/19 MP: 0/0
   281 | D:1      | Reached XP level 2. HP: 27/27 MP: 1/1
   704 | D:2      | Slain by a gnoll

Illustrated notes

Levels and vault maps discovered:
D:1:      dpeg_arrival_tiny_c, layout_basic, supply_closet_lemuel
D:2:      layout_loops_ring, ebering_ecumenical_altar_mist, st_stairs_11,
          minivault_14, serial_bayou_lagoon_a

Skill      XL: |  1  2 |
---------------+-------+-----
Polearms       | 4 |  4.1
Fighting       | 4 |  4.0
Throwing       | |  0.1
Armour         | |  2.6
Dodging        | |  2.3

Action                     || total
---------------------------++-------
  Melee: Spear             ||    37
         Headbutt          ||     4
  Throw: Boomerang         ||     5
 Armour: Animal skin       ||    34
         Ring mail         ||     1
  Dodge: Dodged            ||    30

Table legend: (Time is in decaauts)
 A = Elapsed time spent in this place.
 B = Non-inter-level travel time spent in this place.
 C = Inter-level travel time spent in this place.
 D = Time resting spent in this place.
 E = Time spent auto-exploring this place.
 F = Levels seen in this place.
 G = Mean time per level.
                   A        B        C        D        E       F      G
               +--------+--------+--------+--------+--------+-----+--------+
         Total |    701 |    701 |      0 |      0 |    489 |   2 |  350.5 |
       Dungeon |    701 |    701 |      0 |      0 |    489 |   2 |  350.5 |
               +--------+--------+--------+--------+--------+-----+--------+

Top non-repeatable levels by time:
     D:1: 683 daAuts
     D:2: 18 daAuts
